 Dungeon Crawl Stone Soup version 0.20-a0-453-g91466d2 (webtiles) character file.

119 Kriby the Magician (level 4, -9/30 HPs)
             Began as a Mummy Fire Elementalist on Jan 8, 2017.
             Mangled by a gnoll
             ... wielding a +0 flail
              (15 damage)
             ... on level 2 of the Dungeon.
             The game lasted 00:01:46 (1829 turns).

Kriby the Magician (Mummy Fire Elementalist)        Turns: 1829, Time: 00:01:46

Health: -9/30      AC:  2    Str: 11    XL:     4   Next: 74%
Magic:  0/9        EV: 12    Int: 15    God:
Gold:   85         SH:  0    Dex: 12    Spells: 9/10 levels left

rFire  x . .     SeeInvis .     f - +0 short sword
rCold  + . .     Gourm    .     a - +0 robe
rNeg   + + +     Faith    .     (no shield)
rPois  ∞         Spirit   .     g - +0 hat
rElec  .         Reflect  .     (no cloak)
rCorr  .         Harm     .     (no gloves)
MR     .....                    (no boots)
Stlth  ++........               (no amulet)
                                (no ring)
                                (no ring)

@: very slightly contaminated
A: no food or potions, fire vulnerability, cold resistance 1, negative energy
resistance 3, torment resistance, unbreathing
a: no special abilities


You were on level 2 of the Dungeon.
You were not hungry.

You visited 1 branch of the dungeon, and saw 2 of its levels.

You collected 85 gold pieces.

Inventory:

Hand Weapons
 f - a +0 short sword (weapon)
Missiles
 l - 5 tomahawks (quivered)
Armour
 a - a +0 robe (worn)
 g - a +0 hat (worn)
Scrolls
 c - a scroll of amnesia {unknown}
 d - a scroll of teleportation {unknown}
 e - 3 scrolls of fog {unknown}
 h - a scroll of remove curse {unknown}
 i - a scroll of enchant weapon {unknown}
 j - a scroll of magic mapping {unknown}
 k - 2 scrolls of identify {unknown}
Books
 b - a book of Flames

   Spells                             Type                      Level
   a - Flame Tongue                   Conjuration/Fire             1
   b - Throw Flame                    Conjuration/Fire             2
   c - Conjure Flame                  Conjuration/Fire             3
   d - Inner Flame                    Hexes/Fire                   3
   e - Sticky Flame                   Conjuration/Fire             4
   f - Fireball                       Conjuration/Fire             5


   Skills:
 - Level 1.5 Dodging
 - Level 1.5 Stealth
 + Level 3.7 Spellcasting
 * Level 2.5 Conjurations
 + Level 3.3 Fire Magic


You had 9 spell levels left.
You knew the following spells:

 Your Spells              Type           Power        Failure   Level  Hunger
a - Flame Tongue          Conj/Fire      ##...        8%          1    N/A

Dungeon Overview and Level Annotations

Branches:
Dungeon (2/15)

Altars:


Innate Abilities, Weirdness & Mutations

You do not eat or drink.
Your flesh is vulnerable to fire.
You are immune to poison.
Your flesh is cold resistant. (rC+)
You are immune to negative energy. (rN+++)
You are immune to unholy pain and torment.
You can survive without breathing.


Message History

The gnoll hits you with a flail!
* * * LOW HITPOINT WARNING * * *
Casting: Flame Tongue
Confirm with . or Enter, or press ? or * to list all spells.
Aiming: Flame Tongue
Press: ? - help, Shift-Dir - straight line, f/p - gnoll
Aim: a gnoll, wielding a flail (almost dead)
You miscast Flame Tongue.
You are very lightly contaminated with residual magic.
Your skin glows momentarily.
The gnoll barely misses you.
Casting: Flame Tongue
Confirm with . or Enter, or press ? or * to list all spells.
Aiming: Flame Tongue
Press: ? - help, Shift-Dir - straight line, f/p - gnoll
Aim: a gnoll, wielding a flail (almost dead)
The flame tongue misses the gnoll.
The flame tongue hits the orc.
You kill the orc!
The gnoll hits you with a flail!
Ouch! That really hurt!
You die...

.(. ... ............ ###'####
#....######.###. #..o#...
+.... ###'###. ##..g##.#
#....# #.....#. #..g.##.#
#....####.....#. #...g##.#
#.......#.....#. #....##.#
#.......'.......
#...o##.######.......###'###P
#....(†...)g@'.......# #.# #.
#......#######.......# #.###.
..#......# ####+#..###.....
..#......# #........#.....
.........# #........#....♣
.........# #........#..P♣♣
........## ###'##..##.....
........# ###.###.##.#..P
........# #...# #..#.###.


You could see a gnoll.

Vanquished Creatures
  Jessica (D:2)
  3 gnolls (D:2)
  3 adders (D:2)
  3 dart slugs (D:1)
  An orc (D:2)
  5 bats (D:1)
  2 giant cockroaches (D:1)
  4 goblins
  3 hobgoblins
  2 ball pythons (D:1)
  4 frilled lizards
  2 kobolds (D:1)
  3 rats
36 creatures vanquished.

Notes
Turn   | Place    | Note
-------+----------+-------------------------------------------
     0 | D:1      | Kriby the Mummy Fire Elementalist began the quest for the Orb.
     0 | D:1      | Reached XP level 1. HP: 13/13 MP: 4/4
    42 | D:1      | Reached skill level 1 in Conjurations
   196 | D:1      | Reached XP level 2. HP: 17/19 MP: 0/5
   978 | D:1      | Reached XP level 3. HP: 24/24 MP: 4/7
  1278 | D:2      | Noticed Jessica
  1284 | D:2      | Killed Jessica
  1407 | D:2      | Reached XP level 4. HP: 30/30 MP: 3/9
  1829 | D:2      | Mangled by a gnoll

Vault maps used:
D:1:      tarquinn_simple_flora_water_f, minmay_tripent
D:2:      old_standard_altar, serial_forest, infiniplex_forest_zigzag_1,
          infiniplex_forest_clump_tiny, infiniplex_forest_clump_double,
          infiniplex_forest_lined_2, infiniplex_forest_lined_corner,
          infiniplex_forest_straight_4, infiniplex_forest_end_2,
          infiniplex_forest_clump_long, st_stairs_13, uniq_jessica

Skill      XL: |  1  2  3 |
---------------+----------+-----
Conjurations   | 1 2 |  2.5
Spellcasting   | 3 |  3.7
Fire Magic     | 3 |  3.3
Dodging        | |  1.5
Stealth        | |  1.5

Action                   |  1- 3 |  4- 6 || total
-------------------------+-------+-------++-------
Melee: Short sword       |     5 |     5 ||    10
Throw: Tomahawk          |       |     3 ||     3
 Cast: Flame Tongue      |    45 |    20 ||    65
Armor: Robe              |     6 |     2 ||     8
Dodge: Dodged            |    16 |    11 ||    27
